AoeStats
← iM 我要打十个

African Clearing

506812375Analyzed
4v4 RM · 18d ago on Sep 15, 2026· 19m 51s· 8 players
Game mode
Random Map
Map size
Large (8 player)
Population
200
Speed
Normal
Resources
Standard
Victory
Conquest
Starting age
Dark Age
Ending age
Imperial Age
RankedLock teamsTeams togetherTeam positionsShared explorationLock speedFull tech treeHidden civsTurbo modeCheats
Victory
Defeat
🇨🇳 Saracens · China
1537
+10
🇨🇳 Japanese · China
1396
+16
🇨🇳 Burmese · China
1384
+16
🇨🇳 Khitans · China
1159
+25
🇨🇳 Ethiopians · China
1482
-21
🇨🇳 Vietnamese · China
1386
-17
🇨🇳 Koreans · China
1375
-16
🇨🇳 Lithuanians · China
1293
-13
胸毛在燃烧
10:20 Loom
13:09 Feudal Age
14:34 Double-Bit Axe
17:12 Castle Age
16:06 Scale Barding Armor
16:13 Forging
16:14 Gold Mining
18:30 Bow Saw
18:37 Bloodlines
19:53 Town Watch
福州宇哥
8:50 Loom
钢铁兽
11:35 Feudal Age
9:51 Loom
11:53 Man-at-Arms
15:36 Fletching
17:05 Double-Bit Axe
21:45 Castle Age
20:12 Gold Mining
20:03 Horse Collar
iM 我要打十个
3:46 Loom
6:03 Loom
8:19 Loom
13:42 Feudal Age
88老玩家回归
13:33 Feudal Age
17:52 Castle Age
18:53 Bloodlines
18:43 Husbandry
18:38 Double-Bit Axe
93老玩家回归
3:26 Loom
14:12 Feudal Age
唐火火
4:05 Loom
13:10 Feudal Age
06老玩家回归
11:08 Feudal Age
11:10 Man-at-Arms
12:21 Arson
14:29 Loom
15:11 Fletching
15:17 Town Watch
16:35 Double-Bit Axe
Connection lost

Rejoining the realm…

Still unreachable

The connection could not be restored.

Session expired

The server has moved on; the page needs a fresh start.